[Event "Team 45 45 League T47"]
[Site "Internet Chess Club"]
[Date "2010.11.14"]
[Round "2"]
[White "Zumbi"]
[Black "chsrules88"]
[Result "1-0"]
[WhiteElo "2046"]
[BlackElo "2022"]
[Opening "Ruy Lopez: Schliemann defense"]
[ECO "C63"]
[Time "21:13:00"]
[TimeControl "2700+45"]

1. e4 e5 2. Nf3 Nc6 3. Bb5 f5 4. d3 fxe4 5. dxe4 Nf6 6. O-O Bc5 7. Qe2 d6 8. Qc4
Bd7 9. Nc3 a6 10. Bxc6 bxc6 11. Nxe5 Bxf2+ 12. Rxf2 dxe5 13. Bg5 Qe7 14. Raf1
Rf8 15. a4 Rb8 16. b3 a5 17. h3 Qd6 18. Be3 Qb4 19. Qxb4 axb4 20. Ne2 Kf7 21.
Ng3 Kg6 22. Bc5 Rfe8 23. Rd2 h5 24. Rxf6+ gxf6 25. Rxd7 Rbd8 26. Rxd8 Rxd8 27.
Bxb4 Kg5 28. Kf2 Kf4 29. Nxh5+ Kxe4 30. Nxf6+ Kd4 31. Ke2 c5 32. c3# {Black
checkmated} 1-0

[Event "Team 45 45 League T47"]
[Site "Internet Chess Club"]
[Date "2010.11.17"]
[Round "2"]
[White "zap2"]
[Black "AronT"]
[Result "0-1"]
[WhiteElo "1864"]
[BlackElo "2057"]
[Opening "Réti opening"]
[ECO "A05"]
[Time "03:39:55"]
[TimeControl "2700+45"]

1. Nf3 Nf6 2. g3 e6 3. Bg2 d5 4. O-O Be7 5. d3 c5 6. Nbd2 Nc6 7. e4 Qc7 8. Qe2
b6 9. exd5 exd5 10. Re1 Bb7 11. Nh4 O-O-O 12. Nf5 Bf8 13. Bh3 Kb8 14. Nb3 Ka8
15. Bf4 Qd7 16. Qf1 Bc8 17. Ne7 Qxh3 18. Qxh3 Bxh3 19. Nxc6 Rc8 20. Ne5 Be6 21.
a4 Nh5 22. Bd2 Bd6 23. a5 Kb7 24. f4 d4 25. c4 dxc3 26. Nxc5+ Bxc5+ 27. Be3
Bxe3+ 28. Rxe3 cxb2 29. Rb1 Rc1+ 30. Re1 Rhc8 31. a6+ Kxa6 32. Nc4 Bxc4 33.
Rbxc1 bxc1=Q 34. Rxc1 Be6 35. Rd1 Nf6 36. Rd2 Nd5 37. Kf2 Nb4 38. Ke3 Rc2 39.
Rxc2 Nxc2+ 40. Ke4 g6 41. d4 Nb4 42. Ke5 h5 43. Kd6 Kb5 44. Ke5 a5 45. h3 a4 46.
g4 hxg4 47. hxg4 a3 48. f5 gxf5 49. gxf5 Bd5 50. Kd6 a2 51. f6 a1=Q 52. Ke5 Be6
53. Kd6 Qxd4+ 54. Ke7 Nc6+ 55. Kf8 Qxf6 56. Kg8 Ne7+ 57. Kf8 Kc6 58. Ke8 Kd6 59.
Kf8 Qh8# {White checkmated} 0-1

[Event "Team 45 45 League T47"]
[Site "Internet Chess Club"]
[Date "2010.11.12"]
[Round "2"]
[White "Ben777"]
[Black "Constrictor"]
[Result "1-0"]
[WhiteElo "1678"]
[BlackElo "1692"]
[Opening "Caro-Kann: exchange variation"]
[ECO "B13"]
[Time "21:00:55"]
[TimeControl "2700+45"]

1. e4 c6 2. d4 d5 3. exd5 cxd5 4. Bd3 Nf6 5. Bf4 e6 6. Nf3 Bd6 7. Bg3 O-O 8.
Nbd2 Qc7 9. Bxd6 Qxd6 10. Ne5 Nbd7 11. f4 a6 12. Qe2 b5 13. O-O-O Nb6 14. Kb1
Nc4 15. c3 Nxd2+ 16. Qxd2 Rb8 17. Rc1 a5 18. g4 Ba6 19. Qe2 Rb6 20. g5 Nd7 21.
h4 Rfb8 22. Rc2 b4 23. Bxh7+ Kxh7 24. Qh5+ Kg8 25. Qxf7+ Kh8 26. Qxd7 Qxd7 27.
Nxd7 Bd3 28. Nxb6 Rxb6 29. Kc1 Bxc2 30. Kxc2 Kg8 31. Re1 Kf7 32. h5 bxc3 33.
bxc3 Rb8 34. Rb1 Ra8 35. Rb7+ Kg8 36. g6 Kf8 37. Kb3 Kg8 38. Ka4 Kf8 39. Kb3 Kg8
40. Rb6 a4+ 41. Kb4 {Black resigns} 1-0

[Event "Team 45 45 League T47"]
[Site "Internet Chess Club"]
[Date "2010.11.15"]
[Round "2"]
[White "bobhill"]
[Black "Jack-ONeill"]
[Result "0-1"]
[WhiteElo "2007"]
[BlackElo "2013"]
[Opening "Torre attack (Tartakower variation)"]
[ECO "D03"]
[Time "17:02:46"]
[TimeControl "2700+45"]

1. d4 Nf6 2. Nf3 d5 3. Bg5 Ne4 4. Bf4 c5 5. e3 Qb6 6. Nbd2 Nxd2 7. Nxd2 cxd4 8.
exd4 Qxb2 9. Nb3 e5 10. Bd2 exd4 11. Bd3 Nc6 12. O-O Qa3 13. Bb5 Be7 14. Nxd4
Bd7 15. Nb3 O-O 16. Bc1 Qb4 17. a4 Qh4 18. g3 Qh3 19. Qxd5 Be6 20. Qf3 Ne5 21.
Qe2 Ng4 22. f3 Nf6 23. Bb2 a6 24. Bd3 Rfe8 25. Qf2 Qh5 26. Rfe1 Rad8 27. Rad1
Bxb3 28. cxb3 Bc5 29. Bxh7+ Kxh7 30. Bd4 Rxe1+ 31. Qxe1 Rxd4 32. Kg2 Rxd1 33.
Qxd1 Qd5 34. Qc2+ Kg8 35. h4 Qd4 36. g4 Nd5 37. Kh3 Qg1 38. Qc4 Qh1+ 39. Kg3
Qg1+ 40. Kh3 Qh1+ 41. Kg3 Bd6+ 42. Kf2 Qh2+ 43. Ke1 Bg3+ {White resigns} 0-1

[Event "Team 45 45 League T47"]
[Site "Internet Chess Club"]
[Date "2010.11.14"]
[Round "2"]
[White "Despair"]
[Black "Beetlejuice"]
[Result "1-0"]
[WhiteElo "2016"]
[BlackElo "1823"]
[Opening "Benko's opening"]
[ECO "A00"]
[Time "12:34:11"]
[TimeControl "2700+45"]

1. g3 c5 2. b3 Nc6 3. Bg2 d5 4. Bb2 Nf6 5. d3 e5 6. Nf3 Bd6 7. Nbd2 Be6 8. c4 d4
9. Ng5 Bd7 10. O-O Be7 11. Nde4 Ng4 12. Nf3 f5 13. Ned2 h5 14. h3 Nh6 15. e3 h4
16. exd4 exd4 17. Nxh4 Bxh4 18. gxh4 Qxh4 19. Re1+ Kd8 20. Nf3 Qf6 21. a3 g5 22.
b4 g4 23. hxg4 fxg4 24. Nd2 g3 25. Ne4 gxf2+ 26. Nxf2 Kc7 27. b5 Ne5 28. Ne4 Qh4
29. b6+ axb6 30. Bc1 Bg4 31. Bg5 Qh5 32. Qd2 Nf3+ 33. Bxf3 Bxf3 34. Qf4+ Kc8 35.
Nd6+ Kd7 36. Re7+ Kc6 37. Bh4 Qg4+ 38. Qxg4 Bxg4 39. Nb5 Rac8 40. Rf1 Nf5 41.
Rxf5 Bxf5 42. Bg3 Bd7 43. Na7# {Black checkmated} 1-0

[Event "Team 45 45 League T47"]
[Site "Internet Chess Club"]
[Date "2010.11.13"]
[Round "2"]
[White "room-matt"]
[Black "kabindra"]
[Result "1-0"]
[WhiteElo "1624"]
[BlackElo "1688"]
[Opening "Bishop's opening: Classical variation"]
[ECO "C23"]
[Time "11:00:29"]
[TimeControl "2700+45"]

1. e4 e5 2. Bc4 Bc5 3. Nc3 Nf6 4. d3 h6 5. f4 d5 6. Nxd5 Nxd5 7. Qh5 Qf6 8. Bxd5
Nc6 9. Nf3 Bd6 10. Bxc6+ bxc6 11. fxe5 Bb4+ 12. c3 Qe7 13. cxb4 Qxb4+ 14. Nd2
Qb6 15. Ke2 Ba6 16. Rf1 O-O-O 17. Qg4+ Kb8 18. Rf3 Qd4 19. Nc4 Bxc4 20. dxc4
Qxc4+ 21. Ke1 f5 22. Qxf5 Qb4+ 23. Ke2 Qc4+ 24. Kf2 g6 25. Qf4 g5 26. Qf5 g4 27.
Rb3+ Ka8 28. Kg3 Rhf8 29. Qg6 Rg8 30. Qh7 Rd3+ 31. Kh4 Rc8 32. Qxh6 Qxe4 33.
Rxd3 g3+ 34. Bf4 Qxd3 35. Qxc6+ Kb8 36. e6 gxh2 37. g3 Rh8+ 38. Kg5 Rg8+ 39. Kf6
Qd4+ 40. Kf5 Qd3+ 41. Ke5 Qe2+ 42. Kd4 Rd8+ 43. Kc5 Qc2+ 44. Kb5 Qd3+ 45. Ka4
Rd4+ 46. b4 Rc4 47. Bxc7+ Kc8 48. Qa8+ Kxc7 49. Qxa7+ Kd6 50. Qd7+ {Black
resigns} 1-0

[Event "Team 45 45 League T47"]
[Site "Internet Chess Club"]
[Date "2010.11.11"]
[Round "2"]
[White "ice-cream"]
[Black "justice02"]
[Result "1-0"]
[WhiteElo "1727"]
[BlackElo "1687"]
[Opening "Caro-Kann: classical, 6.h4"]
[ECO "B19"]
[Time "22:00:49"]
[TimeControl "2700+45"]

1. e4 c6 2. d4 d5 3. Nc3 dxe4 4. Nxe4 Bf5 5. Ng3 Bg6 6. h4 h6 7. Nf3 Nf6 8. h5
Bh7 9. Bd3 Bxd3 10. Qxd3 e6 11. Bd2 Bd6 12. Ne4 Nxe4 13. Qxe4 Qc7 14. O-O-O Nd7
15. Qg4 Rh7 16. Rde1 O-O-O 17. Qe4 Nf6 18. Qe2 Nd5 19. Qd3 Rhh8 20. Kb1 Rhe8 21.
g3 Be7 22. Qb3 Qb6 23. Qxb6 Nxb6 24. c3 Nc4 25. Bf4 Rd5 26. Be5 f6 27. Bf4 Rb5
28. Re2 Ba3 29. Bc1 Bd6 30. Ka1 e5 31. dxe5 fxe5 32. Nd4 exd4 33. Rxe8+ Kd7 34.
Re4 c5 35. cxd4 Na5 36. dxc5 Be7 37. Rd1+ Ke8 38. b4 Nc6 39. Bd2 Nxb4 40. Bxb4
a5 41. Ba3 Kf8 42. Rxe7 Kxe7 43. c6+ Kf7 44. c7 {Black resigns} 1-0

[Event "Team 45 45 League T47"]
[Site "Internet Chess Club"]
[Date "2010.11.13"]
[Round "2"]
[White "rainden"]
[Black "cepheid"]
[Result "1-0"]
[WhiteElo "1549"]
[BlackElo "1621"]
[Opening "Sicilian: Hungarian variation"]
[ECO "B27"]
[Time "22:30:22"]
[TimeControl "2700+45"]

1. e4 c5 2. Nf3 g6 3. Nc3 Bg7 4. b3 Nc6 5. Bb2 Nf6 6. Nd5 d6 7. Bb5 Bd7 8. Bd3
O-O 9. O-O Nb4 10. Nxb4 cxb4 11. Rb1 Qa5 12. Re1 Ng4 13. Bxg7 Kxg7 14. h3 Ne5
15. Nxe5 Qxe5 16. Qf3 Be6 17. Bc4 Bxc4 18. bxc4 a5 19. a3 Qc5 20. axb4 axb4 21.
c3 bxc3 22. Qxc3+ f6 23. Rxb7 Kf7 24. d4 Qc6 25. Rb2 Ra4 26. Rb4 Rfa8 27. c5
Rxb4 28. Qxb4 dxc5 29. Qxc5 Qxc5 30. dxc5 Rc8 31. Rc1 Ke6 32. f4 f5 33. exf5+
gxf5 34. Kf2 Kd5 35. Re1 Rc7 36. Re5+ Kd4 37. Rxf5 Rxc5 38. Rf7 Ke4 39. Kg3 h5
40. Rxe7+ Kf5 41. Re5+ Rxe5 42. fxe5 Kxe5 43. Kh4 Kf6 44. Kxh5 Kg7 45. Kg5 Kg8
46. Kf6 Kf8 47. g4 Kg8 48. g5 Kf8 49. g6 Kg8 50. g7 Kh7 51. Kf7 Kh6 52. g8=Q
{Black resigns} 1-0

[Event "Team 45 45 League T47"]
[Site "Internet Chess Club"]
[Date "2010.11.12"]
[Round "2"]
[White "farbror"]
[Black "JosephZ"]
[Result "1/2-1/2"]
[WhiteElo "1230"]
[BlackElo "1419"]
[Opening "King's Indian: London system"]
[ECO "A45"]
[Time "15:00:48"]
[TimeControl "2700+45"]

1. d4 Nf6 2. Bf4 g6 3. Nf3 Bg7 4. e3 d5 5. Bd3 Nc6 6. c3 Bg4 7. Nbd2 O-O 8. h3
Bd7 9. Qe2 Re8 10. e4 dxe4 11. Nxe4 Nxe4 12. Bxe4 e5 13. dxe5 Nxe5 14. Nxe5 Bxe5
15. Bxe5 Rxe5 16. f4 Re8 17. O-O-O Qe7 18. Rhe1 Rad8 19. Bf3 Qf6 20. Qd2 Rxe1
21. Qxe1 Qxf4+ 22. Qd2 Qxd2+ 23. Rxd2 c6 24. b4 Kf8 25. b5 cxb5 26. Bxb7 Ke7 27.
Ba6 Bc6 28. Rb2 Rd5 29. g4 Kd6 30. Rd2 Rxd2 31. Kxd2 Ke5 32. Ke3 f5 33. gxf5
gxf5 34. c4 bxc4 35. Bxc4 h5 36. h4 f4+ 37. Kf2 Be4 38. Bf7 Bd5 39. Bxh5 Bxa2
40. Be2 Bb1 41. h5 a5 42. Bc4 a4 43. h6 a3 44. Ba2 Bg6 45. Kf3 Kf5 46. Bg8 Kg5
47. Ba2 Bh5+ 48. Ke4 f3 49. h7 Bg6+ 50. Kxf3 Bxh7 51. Ke3 Kf6 52. Kd4 Kf5 53.
Kc5 Ke5 54. Kb4 Kd4 55. Kxa3 {Game drawn because neither player has mating
material} 1/2-1/2

[Event "Team 45 45 League T47"]
[Site "Internet Chess Club"]
[Date "2010.11.14"]
[Round "2"]
[White "Monsieur"]
[Black "rubo"]
[Result "0-1"]
[WhiteElo "1553"]
[BlackElo "1698"]
[Opening "Caro-Kann defense"]
[ECO "B11"]
[Time "20:01:18"]
[TimeControl "2700+45"]

1. e4 c6 2. Nc3 d5 3. exd5 cxd5 4. d4 Nf6 5. Bf4 Bd7 6. Bxb8 Rxb8 7. Nf3 e6 8.
Ne5 Bb4 9. f3 Qa5 10. Nxd7 Bxc3+ 11. bxc3 Qxc3+ 12. Kf2 Kxd7 13. Bb5+ Kd6 14.
Re1 Rhc8 15. Re2 a6 16. Ba4 Rc4 17. Bb3 Rxd4 18. Qc1 Rc8 19. Rb1 h6 20. Qa3+ Qc5
21. Qxc5+ Rxc5 22. Ke3 e5 23. Rc1 Rc3+ 24. Kf2 Nh5 25. g3 g5 26. Rce1 f6 27. Re3
Rd2+ 28. R1e2 Rxe2+ 29. Kxe2 Rxe3+ 30. Kxe3 f5 31. c4 d4+ 32. Kd3 Nf6 33. h3 Kc5
34. Ke2 e4 35. h4 Kb4 36. c5 f4 37. hxg5 hxg5 38. gxf4 gxf4 39. Be6 Kxc5 40. Bf5
e3 41. Bd3 Kb4 42. Be4 Nxe4 43. fxe4 Kc3 44. e5 d3+ {White resigns} 0-1

[Event "Team 45 45 League T47"]
[Site "Internet Chess Club"]
[Date "2010.11.14"]
[Round "2"]
[White "Portola"]
[Black "MarkNY"]
[Result "1-0"]
[WhiteElo "1797"]
[BlackElo "1708"]
[Opening "Queen's pawn game"]
[ECO "D00"]
[Time "21:00:16"]
[TimeControl "2700+45"]

1. d4 Nf6 2. Nc3 d5 3. Nf3 c5 4. e3 Nc6 5. Be2 Bg4 6. O-O e6 7. Re1 Bd6 8. a3
O-O 9. dxc5 Bxc5 10. b4 Bd6 11. Bb2 a6 12. Nd4 Bxe2 13. Qxe2 Ne5 14. h3 Nc4 15.
Bc1 b5 16. Bd2 Qb6 17. Rec1 Rfc8 18. Be1 Be5 19. Nf3 Bxc3 20. Bxc3 Ne4 21. Be1
Rc7 22. c3 Rac8 23. Nd4 Qa7 24. a4 bxa4 25. Rxa4 Ncd6 26. Qd3 Rc4 27. f3 Nf6 28.
Rca1 Qc7 29. Rxa6 e5 30. Ne2 e4 31. fxe4 Ndxe4 32. Ra8 h6 33. Rxc8+ Qxc8 34. Rc1
Qa8 35. b5 Qb7 36. Nd4 Ne8 37. Rb1 N8d6 38. Nc6 Qb6 39. Ne7+ Kf8 40. Nxd5 Qb7
41. b6 Rc5 42. Nc7 Rc6 43. Ra1 Kg8 44. Nd5 Nc5 45. Qd1 Nb5 46. c4 Rd6 47. cxb5
Rxd5 48. Qf3 Rd7 49. Qc6 Ne6 50. Ra7 Qxc6 51. bxc6 Rxa7 52. bxa7 Nc7 53. Ba5
{Black resigns} 1-0

[Event "Team 45 45 League T47"]
[Site "Internet Chess Club"]
[Date "2010.11.14"]
[Round "2"]
[White "BotanicalKnight"]
[Black "g8wrb"]
[Result "0-1"]
[WhiteElo "1565"]
[BlackElo "1416"]
[Opening "French: Labourdonnais variation"]
[ECO "C00"]
[Time "07:02:40"]
[TimeControl "2700+45"]

1. e4 e6 2. f4 d5 3. e5 c5 4. g3 Nc6 5. Bg2 Nh6 6. d3 Qb6 7. Nc3 Bd7 8. Nf3 Be7
9. O-O O-O-O 10. Kh1 Nf5 11. a3 h5 12. Re1 f6 13. Bh3 Rdg8 14. Bxf5 exf5 15.
Nxd5 Qd8 16. Qe2 fxe5 17. Nxe7+ Nxe7 18. Nxe5 Bc6+ 19. Kg1 Qd5 20. Nxc6 Nxc6 21.
Qe6+ Qxe6 22. Rxe6 Re8 23. Rxe8+ Rxe8 24. Kf2 Nd4 25. Be3 Rxe3 26. c3 Rxd3 27.
cxd4 Rxd4 28. Ke3 Kd7 29. Rc1 b6 30. Rc3 Kd6 31. Rb3 Kd5 32. Rc3 b5 33. h3 a6
34. Rc2 a5 35. Rc3 b4 36. axb4 axb4 37. Rb3 Re4+ 38. Kf3 Kc4 39. Re3 Rxe3+ 40.
Kxe3 {White resigns} 0-1

[Event "Team 45 45 League T47"]
[Site "Internet Chess Club"]
[Date "2010.11.14"]
[Round "2"]
[White "AtomicDog"]
[Black "crankn8tr"]
[Result "0-1"]
[WhiteElo "1589"]
[BlackElo "1485"]
[Opening "Sicilian: Pelikan (Lasker/Sveshnikov) variation"]
[ECO "B33"]
[Time "11:00:20"]
[TimeControl "2700+45"]

1. e4 c5 2. Nf3 Nc6 3. d4 cxd4 4. Nxd4 Nf6 5. Nc3 e5 6. Ndb5 Bc5 7. Nd6+ Ke7 8.
Nf5+ Kf8 9. Bc4 d6 10. Qf3 Bxf5 11. Qxf5 Nd4 12. Qh3 Nxc2+ 13. Ke2 Nxa1 14. Bg5
Nc2 15. Rd1 Qd7 16. Qd3 Nd4+ 17. Kf1 Qg4 18. Bxf6 gxf6 19. Rd2 Rg8 20. f3 Qf4
21. Nd5 Qxh2 22. Ne3 Nxf3 23. Rc2 Qg1+ 24. Ke2 Nd4+ 25. Kd2 Bb4+ 26. Rc3 Rg3 27.
a3 Bxc3+ 28. bxc3 Qf2+ {White resigns} 0-1

[Event "Team 45 45 League T47"]
[Site "Internet Chess Club"]
[Date "2010.11.13"]
[Round "2"]
[White "Wheels"]
[Black "jefferyx"]
[Result "0-1"]
[WhiteElo "1850"]
[BlackElo "2018"]
[Opening "Sicilian: Grand Prix attack"]
[ECO "B23"]
[Time "11:01:09"]
[TimeControl "2700+45"]

1. e4 c5 2. Nc3 Nc6 3. f4 g6 4. Nf3 Bg7 5. Bb5 Nd4 6. O-O Nxb5 7. Nxb5 d5 8. e5
Nh6 9. d4 Bd7 10. Nc3 cxd4 11. Nxd4 e6 12. h3 O-O 13. Be3 f6 14. exf6 Qxf6 15.
g4 Nf7 16. Nce2 Nd6 17. Ng3 Qh4 18. Kg2 Nc4 19. Bf2 Rxf4 20. Nf3 Qf6 21. Rb1 Bb5
22. g5 Qf7 23. a4 Nxb2 {White resigns} 0-1

[Event "Team 45 45 League T47"]
[Site "Internet Chess Club"]
[Date "2010.11.16"]
[Round "2"]
[White "irock"]
[Black "helixx"]
[Result "1/2-1/2"]
[WhiteElo "1763"]
[BlackElo "1692"]
[Opening "Sicilian: Alapin's variation (2.c3)"]
[ECO "B22"]
[Time "19:00:41"]
[TimeControl "2700+45"]

1. e4 c5 2. c3 d6 3. d4 cxd4 4. cxd4 Nf6 5. Nc3 g6 6. Be3 Bg7 7. Nf3 O-O 8. Bd3
a6 9. O-O b5 10. a3 Bb7 11. Rc1 Nbd7 {Game drawn by mutual agreement} 1/2-1/2

[Event "Team 45 45 League T47"]
[Site "Internet Chess Club"]
[Date "2010.11.15"]
[Round "2"]
[White "b-spot"]
[Black "Walker42"]
[Result "0-1"]
[WhiteElo "1743"]
[BlackElo "2014"]
[Opening "King's Indian: orthodox variation"]
[ECO "E94"]
[Time "18:30:32"]
[TimeControl "2700+45"]

1. d4 Nf6 2. c4 g6 3. Nc3 Bg7 4. e4 d6 5. Nf3 O-O 6. Be2 e5 7. O-O Na6 8. Re1 c6
9. Bf1 exd4 10. Nxd4 Ng4 11. h3 Qb6 12. hxg4 Qxd4 13. g5 Nc5 14. Qf3 Qe5 15. Bf4
Qe7 16. Rad1 Be5 17. Qg3 f6 18. gxf6 Rxf6 19. Bxe5 Qxe5 20. b4 Nd7 21. Qe3 a5
22. b5 Nc5 23. Rd2 g5 24. Qd4 Bg4 25. Qxe5 dxe5 26. f3 Bh5 27. Red1 g4 28. Rd8+
Rxd8 29. Rxd8+ Rf8 30. Rxf8+ Kxf8 31. Kf2 gxf3 32. gxf3 Ne6 33. Ke3 Ke7 34. Bh3
Nf4 35. Bc8 cxb5 36. cxb5 b6 37. Bf5 Bg6 38. Bxg6 Nxg6 39. Nd5+ Kd6 40. a4 Kc5
41. f4 exf4+ 42. Nxf4 Ne5 43. Nd5 Nc4+ 44. Kf4 Nb2 45. Kf5 Nxa4 46. e5 Kxd5 47.
e6 Kd6 48. Kf6 Nc5 49. e7 Nd7+ 50. Kf7 Ne5+ 51. Kf8 Ng6+ {White resigns} 0-1

[Event "Team 45 45 League T47"]
[Site "Internet Chess Club"]
[Date "2010.11.15"]
[Round "2"]
[White "imawesome"]
[Black "BrerRabbit"]
[Result "1-0"]
[WhiteElo "1705"]
[BlackElo "1595"]
[Opening "Pirc: Holmov system"]
[ECO "B07"]
[Time "19:31:55"]
[TimeControl "2700+45"]

1. e4 d6 2. d4 Nf6 3. Nc3 g6 4. Bc4 Bg7 5. Be3 Nc6 6. Nge2 Nxe4 7. Bxf7+ Kxf7 8.
Nxe4 Rf8 9. O-O Kg8 10. Qd2 e5 11. d5 Ne7 12. c4 Bd7 13. Bh6 Nf5 14. Bxg7 Kxg7
15. N2g3 Qh4 16. Rfe1 Nd4 17. Rac1 b6 18. b4 Rad8 19. c5 bxc5 20. bxc5 Bb5 21.
Qa5 Rd7 22. Qxa7 c6 23. Qxd7+ Rf7 24. Qxd6 Qf4 25. dxc6 Bxc6 26. Rcd1 Rd7 27.
Rxd4 Rxd6 28. Rxd6 Bxe4 29. Nxe4 h5 30. c6 {Black resigns} 1-0

[Event "Team 45 45 League T47"]
[Site "Internet Chess Club"]
[Date "2010.11.12"]
[Round "2"]
[White "cityprosecutor"]
[Black "frank001"]
[Result "1/2-1/2"]
[WhiteElo "1771"]
[BlackElo "1753"]
[Opening "Alekhine's defense: exchange variation"]
[ECO "B03"]
[Time "22:20:34"]
[TimeControl "2700+45"]

1. e4 Nf6 2. e5 Nd5 3. d4 d6 4. c4 Nb6 5. exd6 exd6 6. Nc3 Be7 7. Bd3 O-O 8.
Nge2 Re8 9. O-O Nc6 10. h3 Bf6 11. b3 g6 12. Bb1 d5 13. c5 Nd7 14. a3 Ne7 15.
Ra2 c6 16. b4 a6 17. Re1 Nf8 18. Ng3 Qc7 19. Rae2 Be6 20. Na4 Bh4 21. Nb6 Rad8
22. Nf1 Nd7 23. Nxd7 Qxd7 24. Bf4 Bf6 25. Nh2 Nf5 26. Nf3 Kg7 27. Ne5 Qc8 28.
Qd2 Bxe5 29. Bxe5+ f6 30. Bf4 Kf7 31. Bxf5 Bxf5 32. Bd6 Rxe2 33. Rxe2 Re8 {Game
drawn by mutual agreement} 1/2-1/2

[Event "Team 45 45 League T47"]
[Site "Internet Chess Club"]
[Date "2010.11.14"]
[Round "2"]
[White "johnnyperez"]
[Black "Victorianum"]
[Result "0-1"]
[WhiteElo "1610"]
[BlackElo "1789"]
[Opening "Two knights defense"]
[ECO "C55"]
[Time "08:05:01"]
[TimeControl "2700+45"]

1. e4 e5 2. Nf3 Nf6 3. Bc4 Nc6 4. O-O Nxe4 5. Re1 d5 6. d4 exd4 7. Bb5 Bc5 8.
Bxc6+ bxc6 9. Nxd4 O-O 10. Be3 Qf6 11. Nc3 Nxc3 12. bxc3 Ba6 13. Qd2 h6 14. Bf4
Bd6 15. Bxd6 Qxd6 16. Re3 Bc8 17. Rg3 c5 18. Ne2 Bf5 19. Nf4 c6 20. Rd1 Bxc2 21.
Nh5 Bg6 22. Qe2 Rfe8 23. Qg4 Re4 24. Qf3 Qe5 25. Nf6+ gxf6 26. h4 Kh7 27. Rh3
Bh5 28. g4 Bxg4 {White resigns} 0-1

[Event "Team 45 45 League T47"]
[Site "Internet Chess Club"]
[Date "2010.11.14"]
[Round "2"]
[White "sbaker831"]
[Black "IceBox"]
[Result "1-0"]
[WhiteElo "1583"]
[BlackElo "1679"]
[Opening "French: advance, Milner-Barry gambit"]
[ECO "C02"]
[Time "11:00:20"]
[TimeControl "2700+45"]

1. e4 e6 2. d4 d5 3. e5 c5 4. c3 Nc6 5. Nf3 Qb6 6. Bd3 Bd7 7. O-O cxd4 8. cxd4
Nxd4 9. Nxd4 Qxd4 10. Nc3 a6 11. Qe2 Qa7 12. Kh1 g6 13. f4 Nh6 14. Bd2 Be7 15.
f5 Nxf5 16. Bxf5 gxf5 17. Qh5 Qd4 18. Bf4 Qb4 19. Rae1 Qxb2 20. Nxd5 Rg8 21. Re2
Qa3 22. Nc7+ Kd8 23. Nxa8 Bc6 24. Qxf7 Rg4 25. Rd1+ Kc8 26. Qxe6+ Kb8 27. Be3
Qa4 28. Rdd2 Qa3 29. Rb2 Qd3 30. Qxc6 Qd1+ 31. Bg1 Qxe2 32. Qe8+ {Black resigns}
1-0

[Event "Team 45 45 League T47"]
[Site "Internet Chess Club"]
[Date "2010.11.14"]
[Round "2"]
[White "isolani"]
[Black "UnderRated"]
[Result "1-0"]
[WhiteElo "1617"]
[BlackElo "1606"]
[Opening "QGD: 4.Nf3"]
[ECO "D37"]
[Time "09:00:05"]
[TimeControl "2700+45"]

1. d4 d5 2. Nf3 Nf6 3. c4 e6 4. Nc3 Be7 5. e3 O-O 6. Bd3 dxc4 7. Bxc4 c5 8. O-O
a6 9. a4 Nc6 10. Bd3 cxd4 11. exd4 Nb4 12. Bc4 b6 13. Ne5 Nfd5 14. Nxd5 Nxd5 15.
Nc6 Qd6 16. Bxd5 exd5 17. Nxe7+ Qxe7 18. Re1 Qb4 19. b3 Qc3 20. Ba3 Rd8 21. Rc1
Qa5 22. b4 Bg4 23. f3 Bxf3 24. gxf3 {Black resigns} 1-0

[Event "Team 45 45 League T47"]
[Site "Internet Chess Club"]
[Date "2010.11.15"]
[Round "2"]
[White "LucaTrapani"]
[Black "Zumbi"]
[Result "1/2-1/2"]
[WhiteElo "1924"]
[BlackElo "2040"]
[Opening "Benkö gambit accepted"]
[ECO "A58"]
[Time "19:00:17"]
[TimeControl "2700+45"]

1. d4 Nf6 2. c4 c5 3. d5 b5 4. cxb5 a6 5. bxa6 g6 6. Nc3 Bxa6 7. g3 d6 8. Bg2
Bg7 9. Nf3 Nbd7 10. Rb1 O-O 11. O-O Nb6 12. b3 Ng4 13. Bb2 Bb7 14. e4 Ba6 15.
Re1 Nd7 16. Na4 Bxb2 17. Nxb2 Qa5 18. h3 Nge5 19. Nxe5 Nxe5 20. f4 Nd7 21. e5
Qxa2 22. e6 Nf6 23. Na4 Rab8 24. exf7+ Rxf7 25. Re3 Qa3 26. Qe1 Bc8 27. Qa5 Bf5
28. Rb2 Qb4 {Game drawn by mutual agreement} 1/2-1/2

[Event "Team 45 45 League T47"]
[Site "Internet Chess Club"]
[Date "2010.11.14"]
[Round "2"]
[White "Tobiasdelmonte"]
[Black "Harmonicus"]
[Result "1-0"]
[WhiteElo "1941"]
[BlackElo "1937"]
[Opening "Queen's pawn game"]
[ECO "A45"]
[Time "21:01:23"]
[TimeControl "2700+45"]

1. d4 Nf6 2. g3 e6 3. Bg2 d5 4. Nf3 Be7 5. O-O O-O 6. Nbd2 c5 7. e3 Nc6 8. b3 b6
9. Bb2 Bb7 10. c4 Rc8 11. Rc1 Nb4 12. Qe2 dxc4 13. bxc4 cxd4 14. exd4 Qc7 15. a3
Nc6 16. d5 Nd8 17. Rfe1 Bc5 18. Bxf6 gxf6 19. Ne4 Qe7 20. Rcd1 exd5 21. cxd5 f5
22. Nxc5 Qxe2 23. Rxe2 Rxc5 24. Re5 Bc8 25. Re7 Ra5 26. Ne5 f6 27. Nc4 Ra4 28.
Nd6 Nf7 29. Rxf7 Rxf7 30. Nxc8 Rd7 31. d6 Rxa3 32. Bc6 Rd8 33. d7 {Black
resigns} 1-0

[Event "Team 45 45 League T47"]
[Site "Internet Chess Club"]
[Date "2010.11.15"]
[Round "2"]
[White "ghostfire"]
[Black "powerchess1"]
[Result "0-1"]
[WhiteElo "1690"]
[BlackElo "1774"]
[Opening "Dutch defense"]
[ECO "A40"]
[Time "19:00:06"]
[TimeControl "2700+45"]

1. d4 e6 2. c4 f5 3. Nf3 Nf6 4. Nc3 Bb4 5. a3 Bxc3+ 6. bxc3 O-O 7. Bg5 b6 8.
Bxf6 Qxf6 9. e3 Bb7 10. Ne5 d6 11. Nd3 c5 12. Rg1 Nc6 13. g4 Na5 14. g5 Qe7 15.
Nf4 e5 16. dxe5 dxe5 17. Nd5 Bxd5 18. cxd5 Rad8 19. c4 e4 20. Rb1 Qe5 21. Rg3 f4
22. Rh3 fxe3 23. Rxe3 Qxh2 24. Qc2 Qf4 25. g6 h6 26. Rb2 Nb7 27. Qxe4 Qxe4 28.
Rxe4 Nd6 29. Re7 a5 30. Rxb6 Nc8 31. Rbb7 Nxe7 32. Rxe7 Rfe8 33. Rxe8+ Rxe8+ 34.
Kd2 Re4 35. Bd3 Rd4 36. Kc3 Kf8 37. f3 Ke7 38. Be4 Kd6 39. Kb3 h5 40. Ka4 Rxc4+
41. Kxa5 h4 42. Kb5 Rc1 43. a4 h3 44. f4 h2 45. f5 h1=Q 46. Bxh1 Rxh1 47. f6
gxf6 48. a5 Rg1 49. a6 Rxg6 50. Kb6 Rg8 {White resigns} 0-1

[Event "Team 45 45 League T47"]
[Site "Internet Chess Club"]
[Date "2010.11.15"]
[Round "2"]
[White "Warpdrive"]
[Black "Monsieur"]
[Result "0-1"]
[WhiteElo "1632"]
[BlackElo "1573"]
[Opening "King's knight opening"]
[ECO "C40"]
[Time "20:02:08"]
[TimeControl "2700+45"]

1. e4 e5 2. Nf3 Bc5 3. c3 Nc6 4. Be2 a5 5. O-O d6 6. d4 exd4 7. cxd4 Bb6 8. Re1
Nf6 9. h3 Nxe4 10. Bb5 d5 11. Nc3 f5 12. Ne5 Bd7 13. Nxd7 Qxd7 14. f3 Bxd4+ 15.
Qxd4 Nxd4 16. Bxd7+ Kxd7 17. fxe4 Nc2 18. Re2 Nxa1 19. Nxd5 fxe4 20. b3 a4 21.
bxa4 Rxa4 22. Bf4 Rc8 23. Be5 Ra5 24. Rd2 Ke6 25. Bxa1 Rxd5 26. Rxd5 Kxd5 27.
Bxg7 Kc4 {White resigns} 0-1

[Event "Team 45 45 League T47"]
[Site "Internet Chess Club"]
[Date "2010.11.12"]
[Round "2"]
[White "smitty120"]
[Black "RamRock"]
[Result "1-0"]
[WhiteElo "1896"]
[BlackElo "1793"]
[Opening "Caro-Kann defense"]
[ECO "B10"]
[Time "21:04:07"]
[TimeControl "2700+45"]

1. e4 c6 2. Qh5 g6 3. Qh4 Bg7 4. Nf3 Qc7 5. d4 d5 6. Nc3 Bf6 7. Bg5 Qb6 8. O-O-O
dxe4 9. Nxe4 Nd7 10. Bc4 Bxg5+ 11. Nfxg5 e6 12. Nd6+ Kf8 13. Nxh7+ Rxh7 14. Qxh7
Ke7 15. Nxf7 Ngf6 16. Qxg6 Nf8 17. Qg7 Nh5 18. Qe5 Nf6 19. Ng5 {Black resigns}
1-0